 Dungeon Crawl Stone Soup version 0.21-a0-591-g2314aa112c (webtiles) character file.

67 JackS81 the Chopper (level 4, -1/40 HPs)
             Began as a Hill Orc Fighter on Dec 22, 2017.
             Slain by loom's ghost (4 damage)
             ... on level 3 of the Dungeon.
             The game lasted 00:07:17 (1729 turns).

JackS81 the Chopper (Hill Orc Fighter)              Turns: 1729, Time: 00:07:17

Health: -1/40      AC:  8    Str: 22    XL:     4   Next: 18%
Magic:  4/4        EV:  7    Int:  8    God:
Gold:   75         SH:  9    Dex: 11    Spells: 3/3 levels left

rFire    . . .     SeeInvis .   a - +0 war axe
rCold    . . .     Gourm    .   c - +0 shield
rNeg     . . .     Faith    .   b - +0 scale mail
rPois    .         Spirit   .   (no helmet)
rElec    .         Reflect  .   (no cloak)
rCorr    .         Harm     .   p - +0 pair of gloves
MR       .....                  (no boots)
Stlth    ..........             (no amulet)
HPRegen  0.13/turn              o - +4 ring of strength
MPRegen  0.09/turn              (no ring)

@: liquid flames, glowing
A: no striking features
a: no special abilities


You were on level 3 of the Dungeon.
You were not hungry.

You visited 1 branch of the dungeon, and saw 3 of its levels.

You collected 75 gold pieces.

Inventory:

Hand Weapons
 a - a +0 war axe (weapon)
Missiles
 m - 14 poisoned needles
Armour
 b - a +0 scale mail (worn)
 c - a +0 shield (worn)
 p - a +0 pair of gloves (worn)
Jewellery
 o - a +4 ring of strength (left hand)
Scrolls
 e - 7 scrolls of identify
 n - a scroll of amnesia {unknown}
 q - a scroll of fog {unknown}
 r - a scroll of teleportation {unknown}
 s - a scroll of magic mapping {unknown}
 t - a scroll of enchant armour {unknown}
Potions
 d - a potion of might
 i - 3 potions of curing
 j - 2 potions of magic {unknown}
 k - 2 potions of brilliance {unknown}
 l - a potion of flight {unknown}
Comestibles
 f - 4 rations
 g - 10 chunks of flesh


   Skills:
 + Level 3.7 Fighting
 * Level 5.2 Axes
 + Level 3.5 Armour
 + Level 3.5 Shields


You had 3 spell levels left.
You didn't know any spells.

Dungeon Overview and Level Annotations

Branches:
Dungeon (3/15)

Altars:

Annotations:
D:3 loom's ghost, amateur OgFE


Message History

The sticky flame hits you!
You are covered in liquid flames!
* * * LOW HITPOINT WARNING * * *
You feel much better.
You are covered in liquid flames!
Loom's ghost screams, "You will never get the ORB!"
Loom's ghost hits you.
It was a potion of curing.
You feel better.
You are covered in liquid flames!
Loom's ghost hits you.
You closely miss loom's ghost.
Loom's ghost is moderately damaged.
You are covered in liquid flames!
You block loom's ghost's attack. Loom's ghost completely misses you.
You hit loom's ghost.
Loom's ghost is moderately damaged.
You are covered in liquid flames!
* * * LOW HITPOINT WARNING * * *
Loom's ghost hits you.
You die...

.........######
.....)...'....#
.........####.#
.........# #.#
##.......# #.#
#.......#
#.#####
#.......#
#.##..
#.......#
#.##W#
#.......#
#.##@#
#.......#
#....#
#########
######


You could see loom's ghost.

Vanquished Creatures
  A gnoll (D:1)
  An adder (D:2)
  2 dart slugs
  4 orcs (D:3)
  3 giant cockroaches
  2 goblins (D:1)
  5 hobgoblins
  A quokka (D:3)
  8 bats
  6 frilled lizards
  6 kobolds (D:1)
  5 rats
44 creatures vanquished.

Notes
Turn   | Place    | Note
-------+----------+-------------------------------------------
     0 | D:1      | JackS81 the Hill Orc Fighter began the quest for the Orb.
     0 | D:1      | Reached XP level 1. HP: 19/19 MP: 1/1
    91 | D:1      | Reached skill level 3 in Axes
    91 | D:1      | Reached XP level 2. HP: 21/26 MP: 2/2
   175 | D:1      | Reached skill level 4 in Axes
   644 | D:1      | Reached XP level 3. HP: 31/31 MP: 3/3
  1133 | D:2      | Reached skill level 5 in Axes
  1667 | D:3      | Reached XP level 4. HP: 36/40 MP: 4/4
  1718 | D:3      | Noticed loom's ghost (amateur OgFE)
  1729 | D:3      | HP: 2/40 [burnt (11)]
  1729 | D:3      | Slain by loom's ghost

Vault maps used:
D:1:      ncdulo_watergridlock
D:2:      serial_bayou_pond_c
D:3:      first_ration

Skill      XL: |  1  2  3 |
---------------+----------+-----
Axes           | 3 4 5 |  5.2
Fighting       | |  3.7
Armour         | |  3.5
Shields        | |  3.5

Action                   |  1- 3 |  4- 6 || total
-------------------------+-------+-------++-------
Melee: War axe           |   153 |    21 ||   174
  Use: Scroll            |     2 |       ||     2
       Potion            |       |     3 ||     3
  Eat: Chunk             |     3 |       ||     3
Armor: Scale mail        |    71 |     6 ||    77
Dodge: Dodged            |    47 |     4 ||    51
Block: Shield            |    99 |     8 ||   107

Table legend:
 A = Spawn XP
 B = Non-spawn XP
 C = Spawn XP percentage of total XP
 D = Spawn monster count
 E = Non-spawn monster count
 F = Spawn count percentage of total count
 G = Total turns spent on level
                    A         B        C        D         E        F      G
               +---------+---------+-------+---------+---------+-------+---------
         Total |       0 |      97 |   0.0 |       0 |      44 |   0.0 |  1729
               +---------+---------+-------+---------+---------+-------+---------
           D:1 |       0 |      34 |   0.0 |       0 |      16 |   0.0 |   848
           D:2 |       0 |      38 |   0.0 |       0 |      18 |   0.0 |   713
           D:3 |       0 |      25 |   0.0 |       0 |      10 |   0.0 |   168
               +---------+---------+-------+---------+---------+-------+---------
